[Event "*** SCC Grand Prix: Titled Tuesday Blitz"]
[Site "Chess.com"]
[Date "2020.07.14"]
[Round "8"]
[White "albano87"]
[Black "topotun"]
[Result "1/2-1/2"]
[WhiteElo "2495"]
[BlackElo "2706"]
[TimeControl "180+1"]
[EndTime "11:35:58 PDT"]
[Termination "Game drawn by agreement"]

1. d4 Nf6 2. Nf3 c5 3. c4 e6 4. Nc3 cxd4 5. Nxd4 Nc6 6. e4 Bb4 7. Qd3 d5 8. exd5 exd5 9. Nxc6 bxc6 10. Be2 O-O 11.
cxd5 Nxd5 12. O-O Nxc3 13. bxc3 Qxd3 14. Bxd3 Bxc3 15. Rb1 Be6 16. Ba3 Rfd8 17. Be4 Bxa2 18. Rbc1 Bd2 19. Rxc6 Bd5 20. Bxd5 Rxd5 21. Rd1 f6 22. g3 Rad8 23. Kf1 Ba5 24. Rxd5 Rxd5 25. Bc5 Rd1+ 26. Ke2 Rc1 27. Rc8+ Kf7 28. Rf8+ Kg6 29. Bxa7 Rc2+ 30. Kf3 Rc7 31. Be3 Rb7 32. Re8 h5 33. h4 Bb6 1/2-1/2

[Event "*** SCC Grand Prix: Titled Tuesday Blitz"]
[Site "Chess.com"]
[Date "2020.07.14"]
[Round "8"]
[White "Kildepiotr"]
[Black "ValentinDragnev"]
[Result "1-0"]
[WhiteElo "2606"]
[BlackElo "2692"]
[TimeControl "180+1"]
[EndTime "11:35:58 PDT"]
[Termination "Kildepiotr won on time"]

1. Nf3 d5 2. g3 c5 3. Bg2 Nc6 4.
O-O e6 5. d3 Nf6 6. Nbd2 g6 7. e4 Bg7 8. Qe2 O-O 9. c3 b6 10. Re1 a5 11. Nf1 a4 12. e5 Nd7 13.
Bf4 a3 14. b3 b5 15. h4 b4 16. c4 dxc4 17. dxc4 Bb7 18. Rad1 Qc7 19. h5 Rae8 20. h6 Bh8 21. N1h2 f6 22. exf6 e5 23. Ng5 Nxf6 24.
Ng4 Nd4 25. Rxd4 cxd4 26. Bxe5 Bxg2 27. Nxf6+ Bxf6 28. Bxc7 Rxe2 29. Rxe2 d3 30. Rd2 Bxg5 31. f4 Be4 32. fxg5 Re8 33. Bd6 Bf5 34. Kf2 Kf7 35. Bxb4 Ra8 36. Ke3 Re8+ 37. Kd4 Rd8+ 38. Kc3 Re8 39.
Bxa3 Re3 40. Bd6 Re1 41. a4 Ke6 42. Bf4 Kd7 43. b4 Ra1 44. a5 Kc6 45. Kd4 1-0

[Event "*** SCC Grand Prix: Titled Tuesday Blitz"]
[Site "Chess.com"]
[Date "2020.07.14"]
[Round "8"]
[White "grunbergmihai"]
[Black "mortngabriel"]
[Result "0-1"]
[WhiteElo "2499"]
[BlackElo "2385"]
[TimeControl "180+1"]
[EndTime "11:35:59 PDT"]
[Termination "mortngabriel won by checkmate"]

1. Nf3 Nf6 2. c4 e6 3. g3 d5 4. Bg2 dxc4 5. O-O a5 6. a4 c6 7. Ne5 Nbd7 8. Nxc4 Be7 9. d4 O-O 10. Nc3 Nb6 11. Ne5 Nbd5 12. e4 Nb4 13. Be3 b6 14. Rc1 Ba6 15. Re1 Rc8 16. Qb3 Nd7 17. Nxd7 Qxd7 18.
Red1 Rfd8 19. h4 h6 20. Rd2 Bf6 21. d5 exd5 22. Bxb6 Re8 23. exd5 Bxc3 24. Rxc3 Nxd5 25. Bxa5 Re1+ 26. Kh2 Qg4 27. Bf3 Qf5 28. Rc5 Bf1 29. Bg2 Bxg2 30. Kxg2 Qe4+ 31. f3 Qb1 32. Rdxd5 Rg1+ 33. Kh3 Rh1+ 34. Kg4 Qg6+ 35. Kf4 Qf6+ 36. Rf5 Qd4# 0-1

[Event "*** SCC Grand Prix: Titled Tuesday Blitz"]
[Site "Chess.com"]
[Date "2020.07.14"]
[Round "8"]
[White "tsvet2005"]
[Black "Djager97"]
[Result "1-0"]
[WhiteElo "2594"]
[BlackElo "2451"]
[TimeControl "180+1"]
[EndTime "11:36:00 PDT"]
[Termination "tsvet2005 won by resignation"]

1. d4 Nf6 2. c4 c5 3. dxc5 e6 4. g3 Bxc5 5. Bg2 O-O 6. Nf3 Nc6 7. O-O b6 8. a3 Bb7 9. b4 Be7 10. Bb2 d5 11. cxd5 Nxd5 12. Nbd2 Rc8 13. e4 Nf6 14. Qe2 Qc7 15. Rac1 Qb8 16. Rfd1 Rfd8 17. Nc4 Rxd1+ 18. Rxd1 Rd8 19. b5 Rxd1+ 20. Qxd1 Qd8 21. Qe2 Na5 22. Nxa5 bxa5 23. Nd4 Qd7 24. e5 Nd5 25. Qc4 Nb6 26.
Qc2 Bxg2 27. Kxg2 Qd5+ 28. Kg1 Nc4 29. Nc6 Bc5 30. a4 h6 31. Bd4 Kf8 32. Bxc5+ Qxc5 33. Nxa5 1-0

[Event "*** SCC Grand Prix: Titled Tuesday Blitz"]
[Site "Chess.com"]
[Date "2020.07.14"]
[Round "8"]
[White "BikingBrian"]
[Black "maximnovik"]
[Result "0-1"]
[WhiteElo "2201"]
[BlackElo "2471"]
[TimeControl "180+1"]
[EndTime "11:36:00 PDT"]
[Termination "maximnovik won by checkmate"]

1. d4 Nf6 2. Bg5 g6 3. Bxf6 exf6 4. e3 f5 5. g3 Bg7 6. Bg2 c5 7.
Ne2 Qb6 8. Nbc3 cxd4 9. Nxd4 Qxb2 10. Nd5 O-O 11. O-O Nc6 12. Rb1 Qa3 13. Nxc6 dxc6 14. Nb4 Be6 15. Qe2 a5 16. Nd3 Qxa2 17. Rxb7 Qc4 18. Rb6 a4 19. Rxc6 Qb5 20. Rc5 Qb6 21.
Bxa8 Rxa8 22. Qf3 Ra7 23. Qc6 Qxc6 24. Rxc6 a3 25. Nb4 a2 26. Nxa2 Rxa2 27. Rd1 Bf6 28.
c4 Rc2 29. c5 Kg7 30. Rc7 Be5 31. Ra7 Rxc5 32. Kg2 Bd5+ 33. f3 Rc2+ 34. Kh3 Bxf3 35.
Rdd7 Bg2+ 36. Kh4 Bf6# 0-1

[Event "*** SCC Grand Prix: Titled Tuesday Blitz"]
[Site "Chess.com"]
[Date "2020.07.14"]
[Round "8"]
[White "Sam_ChessMood"]
[Black "Tonychess32"]
[Result "1-0"]
[WhiteElo "2812"]
[BlackElo "2643"]
[TimeControl "180+1"]
[EndTime "11:36:01 PDT"]
[Termination "Sam_ChessMood won on time"]

1. e4 c5 2. Nc3 e6 3. Nf3 Nc6 4. d4 cxd4 5. Nxd4 d6 6. Be3 a6 7. Qd2 Nf6 8. f3 Qc7 9. O-O-O Be7 10. Kb1 b5 11. g4 h6 12. Nxc6 Qxc6 13. h4 b4 14. Ne2 a5 15. Nd4 Qb7 16. Nb5 d5 17. e5 Nd7 18. f4 Nc5 19. Bxc5 Bxc5 20. Rh3 Bd7 21. Nd4 Bxd4 22. Qxd4 Bb5 23. Bxb5+ Qxb5 24. f5 Rc8 25. b3 Qc5 26. Qd3 O-O 27. g5 exf5 28. gxh6 g6 29. h5 Kh7 30. e6 Qf2 31. exf7 Rxf7 32. hxg6+ Kxg6 33. Rf1 Qc5 34. h7 Rxh7 35.
Qxf5+ 1-0

[Event "*** SCC Grand Prix: Titled Tuesday Blitz"]
[Site "Chess.com"]
[Date "2020.07.14"]
[Round "8"]
[White "JesseKraai"]
[Black "AGW2016"]
[Result "1/2-1/2"]
[WhiteElo "2447"]
[BlackElo "2284"]
[TimeControl "180+1"]
[EndTime "11:36:01 PDT"]
[Termination "Game drawn by repetition"]

1. d4 Nf6 2. c4 g6 3. Nc3 Bg7 4. e4 d6 5. Nf3 O-O 6. Be2 e5 7. O-O Nc6 8. d5 Ne7 9. Kh1 Nh5 10. g3 f5 11. Ng5 Nf6 12. Bf3 fxe4 13. Ncxe4 Nxe4 14. Bxe4 Nf5 15. Kg2 Nd4 16. h4 Bf5 17.
Bxf5 gxf5 18. Be3 h6 19. Bxd4 hxg5 20. Bc3 gxh4 21. Qh5 f4 22. gxh4 f3+ 23. Kh3 Qd7+ 24. Kh2 Qf7 25. Qxf7+ Rxf7 26. Rg1 Kh7 27. Rg4 Bh6 28.
Rag1 Rf4 29. Kh3 Raf8 30. b3 Rxg4 31. Rxg4 Rf4 32. Rxf4 Bxf4 33. Kg4 Kg6 34. Kxf3 Kh5 35. Ke4 Kxh4 36. Kf5 Kh3 37. Ke6 Kg2 38. Kd7 Kxf2 39. Kxc7 e4 40. Kxb7 e3 41. b4 e2 42.
c5 Be5 43. Bd2 Bf4 44. Bc3 Be5 45. Bd2 Bf4 46. Bc3 1/2-1/2

[Event "*** SCC Grand Prix: Titled Tuesday Blitz"]
[Site "Chess.com"]
[Date "2020.07.14"]
[Round "8"]
[White "penguingm1"]
[Black "exoticprincess"]
[Result "1/2-1/2"]
[WhiteElo "2956"]
[BlackElo "2828"]
[TimeControl "180+1"]
[EndTime "11:36:03 PDT"]
[Termination "Game drawn by agreement"]

1. d4 d5 2. Bf4 c6 3. e3 Nf6 4. c4 Na6 5. Nc3 Nc7 6. Nf3 g6 7. Be2 Bg7 8. O-O O-O 9. Rc1 dxc4 10. Bxc4 Ncd5 11. Nxd5 Nxd5 12. Bg3 Bg4 13. h3 Bxf3 14.
Qxf3 e6 15. Rfd1 Qb6 16. Bd6 Rfe8 17. Bc5 Qc7 18. Ba3 Rad8 19. Bb3 Bf8 20. Bxf8 Rxf8 21. e4 Nb6 22. d5 exd5 23. exd5 Rd6 24. dxc6 Rxc6 25.
Rxc6 Qxc6 26. Qxc6 bxc6 27. Rd6 Rc8 28. a4 Kf8 29. a5 Ke7 30. Rd3 Nd7 31. Bxf7 Rb8 32. Bb3 Nc5 33. Re3+ Kd6 34. Bc4 Rxb2 35. Bg8 Rb7 36.
Rf3 Rg7 37. Rf6+ Kc7 38. Bc4 Nd7 39. Re6 Nc5 40. Re2 Rd7 41. g3 Nd3 42. Re3 Nb4 43. h4 c5 44. Re5 Kd6 45. Re6+ Kc7 46. Re5 Kd6 47. Re6+ Kc7 48. h5 gxh5 49. Re5 h4 50.
Rxc5+ Kd6 51. Rb5 hxg3 52. Rxb4 gxf2+ 53. Kxf2 Kc5 54. Ra4 Rd4 55. Bb3 Rxa4 56. Bxa4 Kb4 57. Bc2 Kxa5 58. Bxh7 1/2-1/2

[Event "*** SCC Grand Prix: Titled Tuesday Blitz"]
[Site "Chess.com"]
[Date "2020.07.14"]
[Round "8"]
[White "OhanyanEminChess"]
[Black "AttackSparrow"]
[Result "1-0"]
[WhiteElo "2490"]
[BlackElo "2316"]
[TimeControl "180+1"]
[EndTime "11:36:03 PDT"]
[Termination "OhanyanEminChess won by checkmate"]

1. e4 c5 2. Nf3 e6 3. d4 cxd4 4. Nxd4 Nc6 5. Nc3 Qc7 6. Be3 a6 7. f3 Nf6 8. Qd2 Ne5 9. a3 b5 10. Be2 Bb7 11. O-O h5 12. Rad1 Bc5 13. Nb3 Bxe3+ 14.
Qxe3 O-O-O 15. f4 Neg4 16. Qa7 Nxe4 17. Nxe4 Bxe4 18. Qxa6+ Qb7 19. Qa5 Bxg2 20. Bxb5 Bxf1 21. Bxf1 Kb8 22. Nc5 Qa7 23. Qb4+ Ka8 24. Rd3 Rc8 25. Bg2+ d5 26. Rxd5 Ne3 27. Rd7+ Nxg2 28. Rxa7+ Kxa7 29. Qb7# 1-0

[Event "*** SCC Grand Prix: Titled Tuesday Blitz"]
[Site "Chess.com"]
[Date "2020.07.14"]
[Round "8"]
[White "Miss_JJ20"]
[Black "Kavyev_Ruslan"]
[Result "0-1"]
[WhiteElo "2285"]
[BlackElo "2456"]
[TimeControl "180+1"]
[EndTime "11:36:03 PDT"]
[Termination "Kavyev_Ruslan won by checkmate"]

1. d4 Nf6 2. c4 g6 3. Nf3 Bg7 4.
g3 c6 5. Bg2 d5 6. O-O O-O 7.
Nc3 dxc4 8. Ne5 Ng4 9. Nxc4 Qxd4 10. Qxd4 Bxd4 11. h3 Ne5 12. Nd2 Be6 13. Nb3 Bb6 14. Bh6 Rd8 15. Rad1 Na6 16. Bf4 Nc4 17. Na4 Rxd1 18.
Rxd1 Rd8 19. Rxd8+ Bxd8 20. Nac5 Nxc5 21. Nxc5 Bc8 22. b3 Nb6 23. a4 Nd5 24. Bd2 e5 25. Nd3 f6 26. e4 Nc7 27. f4 exf4 28. gxf4 Be7 29. Kf2 Be6 30. b4 f5 31. Ke3 fxe4 32.
Nc5 Bd5 33. Nxb7 Kf7 34. Nc5 a5 35. Bxe4 axb4 36. Bxb4 Bxe4 37. Kxe4 Nd5 38. Ba3 Bxc5 39. Bxc5 Nc3+ 40. Ke5 Nxa4 41. Kd6 Nxc5 42. Kxc5 Ke6 43. Kxc6 Kf5 44. Kd5 Kxf4 45. Ke6 Kg3 46. Kf6 Kxh3 47.
Kg7 g5 48. Kxh7 g4 49. Kh6 g3 50. Kh5 g2 51. Kh6 g1=Q 52. Kh7 Kg4 53. Kg6 Qb6+ 54. Kh7 Kg5 55. Kh8 Qc7 56. Kg8 Kf6 57. Kh8 Qg7# 0-1

[Event "*** SCC Grand Prix: Titled Tuesday Blitz"]
[Site "Chess.com"]
[Date "2020.07.14"]
[Round "8"]
[White "ditkin25"]
[Black "ChessFunMaker"]
[Result "1-0"]
[WhiteElo "2405"]
[BlackElo "2266"]
[TimeControl "180+1"]
[EndTime "11:36:03 PDT"]
[Termination "ditkin25 won on time"]

1. e4 c5 2. Nf3 d6 3. Bb5+ Bd7 4. Bxd7+ Qxd7 5. c4 Nf6 6. Nc3 Nc6 7. d4 cxd4 8.
Nxd4 g6 9. f3 Bg7 10. Be3 O-O 11.
O-O a6 12. Na4 Rab8 13. Rc1 b5 14. Nxc6 Qxc6 15. cxb5 Qxb5 16. Rc7 Rb7 17. Rxb7 Qxb7 18. Qd2 Nd7 19. Rc1 Rb8 20. b3 Rc8 21. Nc3 Bxc3 22.
Rxc3 Ne5 23. Bd4 Rxc3 24. Qxc3 Nc6 25. Be3 Nb4 26. Bh6 f6 27. a3 Qb6+ 28. Be3 1-0

[Event "*** SCC Grand Prix: Titled Tuesday Blitz"]
[Site "Chess.com"]
[Date "2020.07.14"]
[Round "8"]
[White "Rytenko_V"]
[Black "JozefKneht"]
[Result "0-1"]
[WhiteElo "2437"]
[BlackElo "2339"]
[TimeControl "180+1"]
[EndTime "11:36:05 PDT"]
[Termination "JozefKneht won by resignation"]

1. e4 e5 2. Nc3 Nf6 3. Bc4 Nc6 4. d3 Na5 5. Bg5 h6 6. Bh4 Nxc4 7. dxc4 Bb4 8. Ne2 d6 9. a3 Bxc3+ 10. Nxc3 Be6 11. Qd3 g5 12. Bg3 Qe7 13. O-O-O Nh5 14. f3 Nf4 15.
Bxf4 gxf4 16. Nd5 Bxd5 17. cxd5 Rg8 18. g4 O-O-O 19. h4 h5 20. Rdg1 Kb8 21. Qe2 hxg4 22. fxg4 f6 23. Rh3 Qh7 24. h5 Qh6 25. Rb3 Rg7 26. Qa6 b6 27. Kb1 Rdg8 28. Rb4 f3 29.
Ra4 c5 30. dxc6 Qe3 31. Rf1 f2 32. Rb4 Rc7 33. Rb3 Qe1+ 34. Ka2 Rxg4 35. Rxb6+ axb6 36. Qxb6+ Kc8 37. Qa6+ Kd8 38. Qa8+ Ke7 39. Qa5 Qxa5 0-1

[Event "*** SCC Grand Prix: Titled Tuesday Blitz"]
[Site "Chess.com"]
[Date "2020.07.14"]
[Round "8"]
[White "Kopytkin"]
[Black "Zurability"]
[Result "1-0"]
[WhiteElo "2464"]
[BlackElo "2571"]
[TimeControl "180+1"]
[EndTime "11:36:06 PDT"]
[Termination "Kopytkin won by resignation"]

1. e4 c5 2. d4 cxd4 3. c3 dxc3 4. Nxc3 e6 5. Nf3 Nc6 6. Bc4 Qc7 7.
O-O Nf6 8. Nb5 Qb8 9. e5 Ng4 10. Bf4 a6 11. Nd6+ Bxd6 12. exd6 O-O 13. h3 Nf6 14.
Bg5 Ne4 15. Bf4 f5 16. Rc1 Re8 17. Re1 b5 18. Bd3 Nf6 19. Bxf5 Bb7 20. Bb1 Rf8 21. Be5 Qe8 22. Ng5 h6 23. Bxf6 Rxf6 24. Ne4 Rf4 25. Nc5 Rb8 26. Qd3 Ba8 27. Qh7+ Kf8 28. Bg6 Ne7 29.
Bxe8 Rxe8 30. Nxd7+ Kf7 31. Ne5+ 1-0

[Event "*** SCC Grand Prix: Titled Tuesday Blitz"]
[Site "Chess.com"]
[Date "2020.07.14"]
[Round "8"]
[White "crescentmoon2411"]
[Black "Paladin61"]
[Result "0-1"]
[WhiteElo "2832"]
[BlackElo "2672"]
[TimeControl "180+1"]
[EndTime "11:36:08 PDT"]
[Termination "Paladin61 won by resignation"]

1. c4 Nf6 2. Nc3 g6 3. e4 Bg7 4. d4 d6 5. Nf3 O-O 6. Be2 e5 7. d5 a5 8. Bg5 h6 9. Bh4 g5 10. Bg3 Nh5 11. Nd2 Nf4 12. O-O Na6 13. Re1 Nc5 14.
Nf1 f5 15. exf5 Bxf5 16. Ne3 Bg6 17. Qd2 h5 18. h3 Qd7 19. Bf1 Rf7 20. b3 a4 21. b4 Ncd3 22. Reb1 e4 23. a3 h4 24. Bxf4 gxf4 25. Ng4 e3 26. Qc2 Ne5 27. Ne4 Nxg4 28. hxg4 exf2+ 0-1

[Event "*** SCC Grand Prix: Titled Tuesday Blitz"]
[Site "Chess.com"]
[Date "2020.07.14"]
[Round "8"]
[White "FedaMaster"]
[Black "Ermito2020"]
[Result "1-0"]
[WhiteElo "2386"]
[BlackElo "2510"]
[TimeControl "180+1"]
[EndTime "11:36:08 PDT"]
[Termination "FedaMaster won by checkmate"]

1. e4 c6 2. d4 d5 3. Bd3 dxe4 4. Bxe4 Nf6 5. Bf3 Bf5 6. c4 e6 7. Nc3 Be7 8. Be3 Nbd7 9. g4 Bg6 10. h4 h5 11. g5 Ng4 12. Bxg4 hxg4 13. Qxg4 Qa5 14.
Ne2 Bd3 15. c5 O-O-O 16. Nc1 Bf5 17. Qe2 e5 18. Nb3 Qb4 19. Rd1 a5 20. Qf3 Bc2 21. Rd2 Bxb3 22. axb3 exd4 23. Rxd4 Qxb3 24. O-O Bxc5 25.
Rxd7 Rxd7 26. Bxc5 Rxh4 27. Re1 Rd8 28. Re7 Qc4 29. Re4 Rxe4 30. Nxe4 Qd3 31. Qf4 Qd1+ 32. Kg2 Qd5 33. Bb6 Re8 34. f3 Re6 35. Qc7# 1-0

[Event "*** SCC Grand Prix: Titled Tuesday Blitz"]
[Site "Chess.com"]
[Date "2020.07.14"]
[Round "8"]
[White "FearNoEvil12"]
[Black "Yoshikrov"]
[Result "1-0"]
[WhiteElo "2011"]
[BlackElo "2095"]
[TimeControl "180+1"]
[EndTime "11:36:09 PDT"]
[Termination "FearNoEvil12 won by checkmate"]

1. e4 c5 2. Nc3 d6 3. f4 Nc6 4.
Bc4 e6 5. Nf3 Nf6 6. d3 Be7 7. O-O O-O 8. Qe1 a6 9. a4 d5 10. Bb3 dxe4 11. dxe4 Nd4 12. e5 Nd5 13. Ne4 Nxb3 14. cxb3 Bd7 15. Bd2 Bc6 16. Rd1 Qb6 17. f5 exf5 18. Ng3 f4 19. Nf5 Rfe8 20. Bc1 c4+ 21.
Kh1 Bb4 22. Qh4 Ne3 23. Bxe3 fxe3 24. Ng5 h6 25. Nxh6+ gxh6 26. Nxf7 Bxg2+ 27. Kxg2 Qg6+ 28. Kh3 Kh7 29. Rf6 Qg7 30. Rdf1 e2 31. Rxh6+ Kg8 32. Rh8+ Qxh8 33. Qxh8# 1-0

[Event "*** SCC Grand Prix: Titled Tuesday Blitz"]
[Site "Chess.com"]
[Date "2020.07.14"]
[Round "8"]
[White "JiiHart"]
[Black "ChessArchitect64"]
[Result "1-0"]
[WhiteElo "2097"]
[BlackElo "1864"]
[TimeControl "180+1"]
[EndTime "11:36:09 PDT"]
[Termination "JiiHart won by resignation"]

1. e4 c5 2. Nf3 d6 3. d4 cxd4 4. Nxd4 Nf6 5. Nc3 Nc6 6. g3 g6 7. h3 Bg7 8. Be3 O-O 9. Bg2 Bd7 10. O-O Na5 11. Qe2 Nc4 12. Qxc4 Rc8 13. Qd3 a6 14. a4 Ne8 15. a5 Nc7 16. Nb3 Be6 17. Bb6 Qd7 18. Nd4 Bxh3 19. Bxc7 Rxc7 20. Nd5 Bxg2 21. Kxg2 Rc5 22. Nb3 Rc6 23. c3 e6 24. Nb6 Qe7 25.
Nd4 Rc5 26. b4 Rh5 27. Rh1 Rxh1 28. Rxh1 f5 29. exf5 gxf5 30. Re1 Be5 31. f4 Bxd4 32. Qxd4 Qf7 33. Qe3 Re8 34. Nc4 Re7 35. Nxd6 Qg7 36. Nc4 h5 37. Ne5 h4 38. Rh1 Rc7 39. Rxh4 1-0

[Event "*** SCC Grand Prix: Titled Tuesday Blitz"]
[Site "Chess.com"]
[Date "2020.07.14"]
[Round "8"]
[White "Lenyas66"]
[Black "VovenRogel"]
[Result "1-0"]
[WhiteElo "2505"]
[BlackElo "2706"]
[TimeControl "180+1"]
[EndTime "11:36:11 PDT"]
[Termination "Lenyas66 won by resignation"]

1. e4 c5 2. Nf3 e6 3. d4 cxd4 4. Nxd4 a6 5. c4 Nf6 6. Nc3 Qc7 7. Be2 Bb4 8. Nc2 Be7 9. O-O O-O 10. f4 d6 11. Be3 b6 12. g4 Bb7 13. Qd3 Nfd7 14. b4 Rc8 15. Rac1 b5 16. Na3 bxc4 17. Nxc4 Nc6 18. a3 Qd8 19. g5 Rc7 20. Nxd6 Nde5 21. fxe5 Nxe5 22. Nxb7 Qxd3 23. Bxd3 Nxd3 24. Nc5 Nxc1 25.
Rxc1 Rc6 26. Kf2 a5 27. Ke2 axb4 28. axb4 Rb8 29. Rb1 f6 30. h4 Kf7 31. Kd3 Rcb6 32.
Kc4 Ra8 33. Rd1 Rab8 34. b5 Rc8 35. Rd7 Ke8 36. Ra7 Rd6 37. Na4 Rd1 38. b6 Re1 39.
Kd3 Rxe3+ 40. Kxe3 Rxc5 41. Nxc5 Bxc5+ 42. Kf3 Bxb6 43. Rxg7 fxg5 44. hxg5 Bd8 45. Kg4 1-0

[Event "*** SCC Grand Prix: Titled Tuesday Blitz"]
[Site "Chess.com"]
[Date "2020.07.14"]
[Round "8"]
[White "PavelShkapenko"]
[Black "NormWeinstein"]
[Result "1-0"]
[WhiteElo "2600"]
[BlackElo "2458"]
[TimeControl "180+1"]
[EndTime "11:36:11 PDT"]
[Termination "PavelShkapenko won by resignation"]

1. e4 c5 2. c3 d6 3. d4 Nf6 4. Bd3 cxd4 5. cxd4 Nc6 6. Nf3 Bg4 7. d5 Nb8 8. h3 Bxf3 9. Qxf3 Nbd7 10. O-O g6 11.
Nc3 Bg7 12. Qe2 O-O 13. Be3 Qa5 14. Bd2 Rfc8 15. Rfc1 Ne5 16. a3 Nxd3 17. Qxd3 Nd7 18.
b4 Qd8 19. f4 Nb6 20. Ra2 Nc4 21. Be1 a6 22. Bf2 b5 23. a4 Qd7 24. axb5 axb5 25. Rxa8 Rxa8 26. Nxb5 Nb2 27. Qe2 Rb8 28. Nd4 Rxb4 29.
Nc6 Rb7 30. Ra1 h5 31. Ra8+ Kh7 32. Kh2 e6 33. Bd4 exd5 34. exd5 Qf5 35. Bxg7 Qxf4+ 36. g3 Qc4 37. Qxc4 Nxc4 38. Bf6 g5 39. Ne7 Rb2+ 40. Bxb2 1-0

[Event "*** SCC Grand Prix: Titled Tuesday Blitz"]
[Site "Chess.com"]
[Date "2020.07.14"]
[Round "8"]
[White "Shivagami"]
[Black "PIwan"]
[Result "0-1"]
[WhiteElo "2206"]
[BlackElo "2495"]
[TimeControl "180+1"]
[EndTime "11:36:11 PDT"]
[Termination "PIwan won by resignation"]

1. d4 c6 2. c4 d5 3. Nc3 dxc4 4. e4 b5 5. Bf4 Nf6 6. Nf3 e6 7. e5 Nd5 8. Bg3 Bb4 9. Qc2 Qa5 10. Rc1 Qxa2 11.
Be2 Bxc3+ 12. bxc3 Qxc2 13. Rxc2 a5 14. O-O Ba6 15. Ra1 a4 16. Nd2 Nd7 17. Ne4 Ke7 18. f4 Rac8 19. Nd6 Rc7 20. f5 Ne3 21. Rca2 c5 22. fxe6 Kxe6 23. Bf4 Nd5 24. Bg4+ Ke7 25. Bg3 Nxc3 26. Nf5+ Kd8 27. Nxg7 Nxa2 28. Rxa2 Rg8 29. e6 Rxg7 30. e7+ Kxe7 31. Bxc7 Rxg4 0-1

[Event "*** SCC Grand Prix: Titled Tuesday Blitz"]
[Site "Chess.com"]
[Date "2020.07.14"]
[Round "8"]
[White "ElCoachRene"]
[Black "mattcolins2025"]
[Result "0-1"]
[WhiteElo "2184"]
[BlackElo "2386"]
[TimeControl "180+1"]
[EndTime "11:36:12 PDT"]
[Termination "mattcolins2025 won on time"]

1. d4 Nf6 2. Bf4 g6 3. e3 Bg7 4.
Nf3 O-O 5. Nbd2 d6 6. h3 Nfd7 7. Bc4 e5 8. Bg5 Qe8 9. dxe5 Nxe5 10. Nxe5 Qxe5 11. Nf3 Qxb2 12. Rb1 Qc3+ 13. Nd2 h6 14. Bh4 Nc6 15. O-O Qe5 16. Nf3 Qe8 17. Qd3 Bf5 18.
Qe2 Be4 19. Nd2 d5 20. Bb5 Bxc2 21. Rbc1 Bf5 22. Bg3 Bd7 23. Qd3 a6 24. Ba4 Nb4 25. Qb3 Bxa4 26. Qxb4 Bb5 27. Rfe1 a5 28. Qh4 Bc6 29. Nf3 Rc8 30. Bf4 Qd8 31. Qg3 Qe7 32. Ne5 Ba4 33. Ng4 h5 34. Ne5 g5 35. Bxg5 Qxe5 36. Bf4 Qe6 0-1

[Event "*** SCC Grand Prix: Titled Tuesday Blitz"]
[Site "Chess.com"]
[Date "2020.07.14"]
[Round "8"]
[White "Godzillator"]
[Black "Gerodot71"]
[Result "1-0"]
[WhiteElo "2329"]
[BlackElo "2416"]
[TimeControl "180+1"]
[EndTime "11:36:13 PDT"]
[Termination "Godzillator won by resignation"]

1. d4 Nf6 2. c4 e6 3. Nc3 Bb4 4. Qc2 d5 5. cxd5 Qxd5 6. Nf3 Qf5 7. Qxf5 exf5 8. a3 Be7 9. Bf4 c6 10. h3 Be6 11. e3 Nd5 12. Bh2 Nd7 13. Rc1 O-O 14. Bd3 g6 15. O-O Rfe8 16. Nd2 N7f6 17. Na4 Rad8 18. Nc5 Bc8 19. Bc4 Bf8 20. Ba2 Bh6 21.
Nc4 Bf8 22. Ne5 Ne4 23. b4 a6 24. Rfd1 Kg7 25. Rc2 f6 26. Ned3 Nec3 27. Rdc1 Nxa2 28. Rxa2 Kf7 29. Rb2 b6 30. Nb3 Bb7 31. Nd2 Re6 32. Nc4 Rde8 33. Nf4 Nxf4 34. Bxf4 g5 35. Bg3 b5 36. Na5 Ba8 37. Rbc2 Rc8 38. d5 Re7 39.
Nxc6 Bxc6 40. Rxc6 Rxc6 41. dxc6 Re8 42. c7 Rc8 43. Rc6 h5 44. h4 g4 45. Bf4 Ke7 46.
g3 Kd7 47. Rxf6 Be7 48. Rxa6 Rxc7 1-0

[Event "*** SCC Grand Prix: Titled Tuesday Blitz"]
[Site "Chess.com"]
[Date "2020.07.14"]
[Round "8"]
[White "LilRag"]
[Black "Chessdemon2019"]
[Result "1-0"]
[WhiteElo "2507"]
[BlackElo "2360"]
[TimeControl "180+1"]
[EndTime "11:36:14 PDT"]
[Termination "LilRag won by resignation"]

1. Nf3 c5 2. e4 d6 3. Bb5+ Nd7 4. O-O a6 5. Bxd7+ Bxd7 6. d4 cxd4 7. Qxd4 e5 8. Qd3 h6 9. Nc3 Nf6 10. Rd1 Be7 11. h3 O-O 12. a4 Rc8 13. Be3 Be6 14. a5 Bc4 15. Qd2 Qc7 16. Bb6 Qc6 17. Qe3 Nd7 18.
Rd2 Nxb6 19. axb6 Rcd8 20. Rad1 f5 21. Nd5 Bxd5 22. exd5 Qb5 23. Nd4 Bg5 24. Nxb5 Bxe3 25. fxe3 axb5 26. Rd3 Ra8 27. Rb3 Ra5 28. Rdd3 Rc8 29.
Rdc3 Rxc3 30. Rxc3 Ra1+ 31. Kh2 Rd1 32. Rc7 Rxd5 33.
Rxb7 b4 34. Rc7 Rb5 35. b7 Kh7 36. Kg3 Kg6 37. Rd7 Kh7 38. Kf3 Rb6 39. g4 fxg4+ 40.
hxg4 Rb5 41. c4 bxc3 42. bxc3 Kg6 43. Rxd6+ Kf7 44. Rd7+ Kf6 45. c4 Rb4 46. c5 Ke6 47. c6 Rb6 48. Rxg7 Kd6 49. c7 Rxb7 50. c8=Q Rxg7 51.
Qf8+ Re7 52. Ke4 Kd7 53. Qxh6 Re6 54. Qg7+ Re7 55. Qxe5 Rxe5+ 56. Kxe5 Ke7 57. Kf5 Kf7 58. e4 Kg7 59. e5 Kf7 60. g5 Ke7 61. g6 Kf8 62.
Kf6 Kg8 63. e6 Kf8 64. e7+ Ke8 65. g7 Kd7 66. g8=Q Kd6 67. e8=Q 1-0

[Event "*** SCC Grand Prix: Titled Tuesday Blitz"]
[Site "Chess.com"]
[Date "2020.07.14"]
[Round "8"]
[White "AJSC02"]
[Black "Euge_chess"]
[Result "0-1"]
[WhiteElo "2093"]
[BlackElo "2010"]
[TimeControl "180+1"]
[EndTime "11:36:14 PDT"]
[Termination "Euge_chess won on time"]

1. e4 e5 2. Nf3 Nc6 3. Bc4 Nf6 4. d3 d5 5. exd5 Nxd5 6. O-O Be6 7. Re1 Qd6 8. Ng5 O-O-O 9. Nxe6 fxe6 10. Nd2 Nf6 11. Ne4 Qd7 12. Be3 h5 13. Ng5 Re8 14. Qf3 Bd6 15.
Rad1 Rhf8 16. Qh3 Nd8 17. Bxa7 b6 18. Ba6+ Nb7 19. Qf3 Nd5 20. Qxh5 Qa4 21. Bxb6 Qxa6 22. Be3 Nxe3 23. Rxe3 Qxa2 24. Rf3 Qxb2 25. Nxe6 Qxc2 26. Ra1 Rxe6 27. Rxf8+ Bxf8 28. Ra8+ Kd7 29. Qf7+ Re7 30. Qd5+ Nd6 31. Qb5+ Nxb5 0-1

[Event "*** SCC Grand Prix: Titled Tuesday Blitz"]
[Site "Chess.com"]
[Date "2020.07.14"]
[Round "8"]
[White "Parhamov"]
[Black "Batica1984"]
[Result "1-0"]
[WhiteElo "3018"]
[BlackElo "2874"]
[TimeControl "180+1"]
[EndTime "11:36:15 PDT"]
[Termination "Parhamov won by resignation"]

1. e4 c5 2. Nf3 e6 3. d4 cxd4 4. Nxd4 Nc6 5. Nc3 Qc7 6. g3 a6 7. Bg2 Nf6 8. O-O Nxd4 9. Qxd4 Bc5 10.
Bf4 d6 11. Qd2 h6 12. Rad1 e5 13. Be3 Bb4 14. Nb5 axb5 15. Qxb4 Rxa2 16. Rxd6 O-O 17. Rd2 Bd7 18. Rfd1 Bc6 19. f3 Rfa8 20. Bf1 Qa5 21. Qxa5 R8xa5 22. c3 Ra1 23. h4 Rxd1 24. Rxd1 Ra2 25.
Rd2 Ra1 26. Kf2 Kh7 27. Bd3 Nh5 28. Bc2 Nf6 29. g4 b4 30. cxb4 Ba4 31. Bd3 Bb3 32.
Be2 Ra4 33. b5 Ra2 34. Bc5 Be6 35. Ba3 g5 36. hxg5 hxg5 37. Rd6 Ra1 38. Rb6 Rc1 39. Ke3 Kg6 40. Rxb7 Nd7 41. Bd3 Rc8 42. Bb4 Nc5 43.
Bxc5 Rxc5 44. b6 Rc1 45. Rc7 1-0

[Event "*** SCC Grand Prix: Titled Tuesday Blitz"]
[Site "Chess.com"]
[Date "2020.07.14"]
[Round "8"]
[White "Gabix_94"]
[Black "deribas12345"]
[Result "0-1"]
[WhiteElo "2898"]
[BlackElo "2647"]
[TimeControl "180+1"]
[EndTime "11:36:15 PDT"]
[Termination "deribas12345 won on time"]

1. c4 c5 2. Nc3 Nc6 3. g3 g6 4. Bg2 Bg7 5. Nf3 Nf6 6. d4 cxd4 7. Nxd4 Nxd4 8. Qxd4 O-O 9. Qh4 d6 10. O-O Be6 11.
Rd1 Rb8 12. c5 d5 13. Nxd5 Bxd5 14. e4 Qa5 15. exd5 Qxc5 16. Be3 Qb5 17. Bxa7 Rbd8 18.
Bd4 h6 19. a4 Qa6 20. Bxf6 Bxf6 21. Qb4 Rd6 22. a5 Rc8 23. Rac1 Rxc1 24. Rxc1 Qe2 25. Qxb7 Bxb2 26. Qc8+ Kg7 27. Qc2 Qe5 28. Rb1 Bd4 29. Bf3 Rf6 30. Rb3 g5 31. Qd1 g4 32.
Rd3 Bc5 33. Bxg4 Rxf2 34. Kh1 Ra2 35. Qf3 Qe1+ 0-1